 Dungeon Crawl Stone Soup version 0.24-a0-513-g284f782df5 (webtiles) character file.

Game seed: 15542164494560842325

991 Azzok the Thaumaturge (level 7, 0/36 HPs)
             Began as a Deep Elf Earth Elementalist on July 20, 2019.
             Slain by an elf zombie (5 damage)
             ... in an ossuary.
             The game lasted 00:07:35 (5598 turns).

Azzok the Thaumaturge (Deep Elf Earth Elementalist) Turns: 5598, Time: 00:07:36

Health: 0/36       AC:  3    Str:  5    XL:     7   Next: 98%
Magic:  16/21      EV: 13    Int: 22    God:
Gold:   248        SH:  0    Dex: 18    Spells: 14/23 levels left

rFire    . . .     SeeInvis .   x - +4 quarterstaff (chaos)
rCold    . . .     Gourm    .   (shield currently unavailable)
rNeg     . . .     Faith    .   c - +0 robe
rPois    .         Spirit   .   (no helmet)
rElec    .         Reflect  .   w - +0 cloak
rCorr    .         Harm     .   (no gloves)
MR       .....                  (no boots)
Stlth    ++........             (no amulet)
HPRegen  0.12/turn              i - +3 ring of dexterity
MPRegen  0.17/turn              y - +1 ring of slaying

@: no status effects
A: no striking features
a: no special abilities


You were in an ossuary.
You were not hungry.

You visited 1 branch of the dungeon, and saw 5 of its levels.
You also visited: Ossuary.

You collected 248 gold pieces.

Inventory:

Hand Weapons
 l - a +1 dagger of flaming
 x - a +4 quarterstaff of chaos (weapon)
Missiles
 b - 40 stones (quivered)
Armour
 c - a +0 robe (worn)
 o - a +0 leather armour of cold resistance
 w - a +0 cloak (worn)
Jewellery
 i - a +3 ring of dexterity (left hand)
 y - a +1 ring of slaying (right hand)
Wands
 t - a wand of flame (16)
Scrolls
 a - 2 scrolls of remove curse
 m - 4 scrolls of immolation
 n - 5 scrolls of teleportation
Potions
 e - a potion of agility {unknown}
 f - a potion of flight {unknown}
 g - a potion of lignification {unknown}
 h - a potion of ambrosia {unknown}
 j - 2 potions of mutation {unknown}
 k - 6 potions of curing {unknown}
 q - a potion of degeneration {unknown}
 r - 3 potions of magic {unknown}
 u - 2 potions of heal wounds
 A - a potion of experience {unknown}
Comestibles
 d - 8 rations
 z - 6 chunks of flesh


   Skills:
 - Level 2.4 Dodging
 - Level 2.4 Stealth
 + Level 8.8 Spellcasting
 - Level 2.0 Conjurations
   Level 1.1 Transmutations
 + Level 7.7 Earth Magic


You had 14 spell levels left.
You knew the following spells:

 Your Spells              Type           Power        Failure   Level  Hunger
a - Sandblast             Erth           #####.       1%          1    None
b - Stone Arrow           Conj/Erth      ####..       2%          3    None
d - Lee's Rapid Deconstr  Erth           #####.....   8%          5    #####..

Your spell library contained the following spells:

 Spells                   Type           Power        Failure   Level  Hunger
 Passwall                 Tmut/Erth      ####....     1%          2    None
 Petrify                  Tmut/Erth      ####....     11%         4    ##.....


Dungeon Overview and Level Annotations

Branches:
Dungeon (5/15)
 Temple: D:4-7

Altars:
Dithmenos
Elyvilon
Gozag
Nemelex Xobeh
Xom

Shops:
D:5 (


Message History

Aiming: Sandblast (safe; 1% risk of failure)
Press: ? - help, Shift-Dir - straight line, f/p - elf zombie
Aim: an elf zombie (lightly damaged)
The blast of sand hits the elf zombie.
The elf zombie is moderately damaged.
b - 41 stones The elf zombie hits you. x2
* * * LOW HITPOINT WARNING * * *
Casting: Sandblast (safe; 1% risk of failure)
Confirm with . or Enter, or press ? or * to list all spells.
Aiming: Sandblast (safe; 1% risk of failure)
Press: ? - help, Shift-Dir - straight line, f/p - elf zombie
Aim: an elf zombie (moderately damaged)
The blast of sand hits the elf zombie!
The elf zombie is heavily damaged.
b - 40 stones The elf zombie hits you.
* * * LOW HITPOINT WARNING * * *
The elf zombie hits you.
You die...

·················
·················
▒····Z··········
▒▒···············
·················
·················
·······ZZ∩·······
·······@ZZ·······
······ZZ·Z·······
·······Z·········
·················
···········Z·····
▒▒···············
▒···············
················


You could see an adder zombie (dormant), a jackal zombie, a hobgoblin zombie, a
big kobold zombie, 2 orc zombies and 4 elf zombies.

Vanquished Creatures
  Grinder (D:4)
  Prince Ribbit (D:5)
  2 scorpions (D:4)
  A crimson imp (D:5)
  2 hounds (D:4)
  An orc wizard (D:4)
  Crazy Yiuf (D:4)
  2 orc priests (D:4)
  A human zombie (Ossuary)
  Ijyb (D:4)
  A worker ant (D:5)
  4 gnolls (D:2)
  A howler monkey skeleton (D:5)
  6 adders
  A shadow imp (D:5)
  An ooze (D:3)
  An adder zombie (Ossuary)
  2 adder skeletons (D:4)
  4 dart slugs
  A leopard gecko (D:2)
  11 orcs
  4 giant cockroaches
  3 hobgoblins
  3 jackals (D:1)
  2 quokkas
  9 bats
  7 frilled lizards
  8 goblins
  10 kobolds
  4 rats (D:1)
96 creatures vanquished.

Notes
Turn   | Place    | Note
-------+----------+-------------------------------------------
     0 | D:1      | Azzok the Deep Elf Earth Elementalist began the quest for
                  | the Orb.
     0 | D:1      | Reached XP level 1. HP: 10/10 MP: 6/6
   160 | D:1      | Reached XP level 2. HP: 15/15 MP: 5/8
   793 | D:1      | Reached skill level 4 in Spellcasting
   840 | D:1      | Reached XP level 3. HP: 19/19 MP: 10/10
  1013 | D:2      | Learned a level 3 spell: Stone Arrow
  1136 | D:2      | Reached XP level 4. HP: 24/24 MP: 0/12
  1524 | D:2      | Reached skill level 1 in Conjurations
  2607 | D:3      | Reached skill level 5 in Spellcasting
  2742 | D:3      | Found an opulent altar of Gozag.
  2773 | D:3      | Found a shimmering altar of Xom.
  2849 | D:3      | Found a sparkling altar of Nemelex Xobeh.
  3249 | D:3      | Reached XP level 5. HP: 28/28 MP: 4/14
  3329 | D:3      | Learned a level 5 spell: Lee's Rapid Deconstruction
  3470 | D:4      | Reached skill level 5 in Earth Magic
  3723 | D:4      | Reached skill level 6 in Spellcasting
  3723 | D:4      | Reached XP level 6. HP: 32/32 MP: 3/17
  3853 | D:4      | Noticed Ijyb
  3869 | D:4      | Killed Ijyb
  4666 | D:4      | Noticed Grinder
  4677 | D:4      | Killed Grinder
  4677 | D:4      | Reached skill level 7 in Spellcasting
  4677 | D:4      | Reached XP level 7. HP: 36/36 MP: 6/20
  4858 | D:4      | Found a white marble altar of Elyvilon.
  5220 | D:4      | Found a runed translucent door.
  5221 | D:4      | Noticed Crazy Yiuf
  5229 | D:4      | Killed Crazy Yiuf
  5364 | D:5      | Entered Level 5 of the Dungeon
  5370 | D:5      | Found a shadowy altar of Dithmenos.
  5435 | D:5      | Reached skill level 8 in Spellcasting
  5455 | D:5      | Noticed Prince Ribbit
  5459 | D:5      | Killed Prince Ribbit
  5474 | D:5      | Found Yhighau's Antique Weapon Shop.
  5586 | D:5      | Found a sand-covered staircase.
  5590 | Ossuary  | Entered an ossuary
  5598 | Ossuary  | Slain by an elf zombie

Levels and vault maps discovered:
D:1:      minmay_arrival_split_and_join, layout_basic, interstate_on_off
D:2:      layout_loops_ring, minmay_stone_trees_small, st_stairs_3,
          minmay_liquid_box, minmay_pentomino_u4
D:3:      layout_basic, minmay_overflow_temple_star_quad
D:4:      layout_cave_pods, elyvilon_altar_1, uniq_ijyb, uniq_grinder,
          uniq_crazy_yiuf_cottage
D:5:      layout_loops_ring, grunt_dithmenos_smoke, kennysheep_mini_moat,
          minmay_temple_entry_proselytizer,
          nicolae_ossuary_entry_false_entrances, first_ration, serial_shops,
          shop, kennysheep_mini, shop, shop, shop, uniq_sigmund,
          uniq_prince_ribbit1
Ossuary:  ossuary_minmay_tomb_2a

Skill      XL: |  1  2  3  4  5  6  7 |
---------------+----------------------+-----
Earth Magic    | 4 5 6 7 |  7.7
Spellcasting   | 4 5 6 7 8 |  8.8
Conjurations   | 1 2 |  2.0
Dodging        | |  2.4
Stealth        | |  2.4
Transmutations | |  1.1

Action                   |  1- 3 |  4- 6 |  7- 9 || total
-------------------------+-------+-------+-------++-------
Melee: Hand axe          |     4 |       |       ||     4
       Unarmed           |     3 |       |       ||     3
       Dagger            |     3 |    12 |       ||    15
       Quarterstaff      |       |       |     5 ||     5
 Cast: Sandblast         |    29 |    23 |    18 ||    70
       Stone Arrow       |     5 |    74 |     8 ||    87
  Use: Scroll            |     2 |       |     4 ||     6
 Stab: Sleeping          |     2 |       |       ||     2
  Eat: Chunk             |       |    14 |       ||    14
       Ration            |       |       |     1 ||     1
Armor: Robe              |     1 |     6 |     3 ||    10
Dodge: Dodged            |    15 |    21 |     5 ||    41

Table legend:
 A = Non-vault XP
 B = Vault XP
 C = Vault XP percentage of total XP
 D = Non-vault monster count
 E = Vault monster count
 F = Vault count percentage of total count
                 A         B        C        D         E       F
            +---------+---------+-------+---------+---------+-------
      Total |     722 |     695 |  49.0 |      84 |      12 |  12.5
            +---------+---------+-------+---------+---------+-------
        D:1 |      43 |       0 |   0.0 |      25 |       0 |   0.0
        D:2 |      92 |      22 |  19.3 |      19 |       6 |  24.0
        D:3 |      41 |       0 |   0.0 |      13 |       0 |   0.0
        D:4 |     412 |     353 |  46.1 |      21 |       3 |  12.5
        D:5 |     134 |     274 |  67.2 |       6 |       1 |  14.3
    Ossuary |       0 |      46 | 100.0 |       0 |       2 | 100.0
            +---------+---------+-------+---------+---------+-------
